 Dungeon Crawl Stone Soup version 0.31.0-11-ge490571c62 (webtiles) character file.

Game seed: 6412150590332828410

173 qw the Shooter (level 5, -5/26 HPs)
             Began as a Spriggan Hunter on Feb 4, 2024.
             Killed from afar by Sigmund (9 damage)
             ... with a puff of flame
             ... on level 4 of the Dungeon.
             The game lasted 00:00:07 (2180 turns).

qw the Shooter (Spriggan Hunter)                    Turns: 2180, Time: 00:00:08

Health: -5/26      AC:  2    Str:  4 (7)  XL:     5   Next: 28%
Magic:  6/6        EV: 20    Int:  8 (10) God:
Gold:   107        SH:  0    Dex: 20 (21) Spells: 4/4 levels left

rFire   . . .        a - +0 shortbow
rCold   . . .        (shield currently unavailable)
rNeg    . . .        c - +0 robe
rPois   .            (helmet restricted)
rElec   .            m - scarf {repulsion}
rCorr   .            (gloves unavailable)
SInv    +            (boots unavailable)
Will    .....        (no amulet)
Stlth   ++           (no ring)
HPRegen 0.24/turn    (no ring)
MPRegen 0.10/turn

%: repel missiles
@: very quick
A: very small, no large weapons, unfitting armour, see invisible, speed 3
a: no special abilities


You were on level 4 of the Dungeon.
You visited 1 branch of the dungeon, and saw 4 of its levels.

You collected 107 gold pieces.


Innate Abilities, Weirdness & Mutations

You are very small and have problems with some larger weapons.
You are too small for most types of armour.
You have supernaturally acute eyesight. (SInv)
You cover ground extremely quickly. (Speed+++)


   Skills:
 - Level 2.1 Fighting
 + Level 5.3 Ranged Weapons
 - Level 5.1 Dodging
 - Level 1.5 Stealth


You had 4 spell levels left.
You didn't know any spells.
Your spell library was empty.

Inventory:

Hand Weapons
 a - a +0 shortbow (weapon)
Armour
 c - a +0 robe (worn)
 g - a +1 cloak
 m - a scarf of repulsion (worn)
Wands
 n - a wand of paralysis (12)
Potions
 d - 2 potions of curing
 f - 2 potions of mutation
 h - a potion of cancellation
 j - a potion of enlightenment {unknown}

Dungeon Overview and Level Annotations

Branches:
Dungeon (4/15)
 Temple: D:4-7

Altars:
Kikubaaqudgha
Qazlal
Vehumet

Annotations:
D:4 Sigmund


Message History

You see here a hound corpse.
You open the door.
There is an open door here.
You open the door.
There is an open door here.
Found a leather armour.
Enter note:
Enter note: Sigmund and an adder come into view.
Sigmund is wielding a +2 scythe of protection.
You shoot an arrow.
The arrow hits the adder but does no damage.
The adder hisses angrily.
You shoot an arrow. The arrow barely misses the adder.
You shoot an arrow.
The arrow hits the adder but does no damage.
The adder misses you. The adder completely misses you.
You shoot an arrow. The arrow hits the adder.
The adder is heavily wounded.
The adder bites you. Sigmund closely misses you.
You shoot an arrow. The arrow closely misses the adder.
The adder bites you.
You are poisoned.
The adder poisons you! The adder bites you.
You shoot an arrow. The arrow barely misses the adder.
You feel sick. Sigmund barely misses you. The adder misses you.
You shoot an arrow. The arrow closely misses the adder.
You feel sick. The adder barely misses you.
Sigmund hits you from afar with a +2 scythe of protection!
The adder closely misses you.
You shoot an arrow. The arrow closely misses the adder.
You feel sick.
You are no longer poisoned.
The adder barely misses you.
You shoot an arrow. The arrow hits the adder!
You kill the adder!
Sigmund casts a spell at you. The puff of flame hits you!
You die...
Sigmund begins carving another notch in his scythe.

#.# ## ### ##### #.# . #####
##.. ...###.##.# ....# ...
#.[##...#.# ###.# ###..
#..#......# #.# #.....
##..##...#.# #.# #.##.@
#..........# ###.##
##.##..###..###.#### .....#
.......@....# #.# ###..#
##.############'## ##.(.# #.#
##...## ##.#.# #.####
##.....## .#.#.# ####.##.###
##.......#
.....###.........###.........#
..%................'.........+
...#####.##.#....###.........#
.#.# #.##..#.#.# ##.......##


You could see Sigmund.

Vanquished Creatures
  2 hounds
  An iguana (D:3)
  2 gnolls (D:1)
  3 adders
  3 dart slugs
  4 endoplasms
  2 giant cockroaches
  4 goblins
  A hobgoblin (D:2)
  7 jackals
  3 kobolds
  2 quokkas
  6 ball pythons
  4 bats
  2 frilled lizards (D:2)
  5 rats
51 creatures vanquished.

Notes
Turn   | Place    | Note
-------+----------+-------------------------------------------
     0 | D:1      | qw the Spriggan Hunter began the quest for the Orb.
     0 | D:1      | Reached XP level 1. HP: 10/10 MP: 2/2
     0 | D:1      | 0 ||| qw: Version: 0.3-a-160-g6735b56
     0 | D:1      | 0 ||| qw: Game counter: 4666
     0 | D:1      | 0 ||| qw: Melee chars always use a shield: true
     0 | D:1      | 0 ||| qw: God list: Okawaru
     0 | D:1      | 0 ||| qw: Allow faded altars: false
     0 | D:1      | 0 ||| qw: Do Orc after clearing Dungeon:15 true
     0 | D:1      | 0 ||| qw: Do second Lair branch before Depths: true
     0 | D:1      | 0 ||| qw: Lair rune preference: random
     0 | D:1      | 0 ||| qw: Goals: Normal
     0 | D:1      | 0 ||| PLANNING D:1-11
    46 | D:1      | Reached skill level 3 in Dodging
   151 | D:1      | Reached XP level 2. HP: 14/14 MP: 3/3
   215 | D:1      | Reached XP level 3. HP: 18/18 MP: 4/4
   517 | D:1      | 517 ||| UPGRADING to +0 cloak.
   522 | D:1      | 522 ||| READING scroll labelled CELYKU HUOC.
   523 | D:1      | 523 ||| READING scroll labelled YSTEABR WONIFF.
   524 | D:1      | 524 ||| READING scroll labelled AFERGHI SATAERGH.
   525 | D:1      | 525 ||| READING scroll labelled WURUESE KIXT.
   526 | D:1      | 526 ||| DROPPING scroll of butterflies.
   573 | D:2      | Identified the +2 chain mail "Xajayn" {rElec}
   888 | D:2      | Found an ancient bone altar of Kikubaaqudgha.
  1352 | D:2      | 1352 ||| DROPPING ring of magical power.
  1353 | D:2      | 1353 ||| READING scroll labelled HEIBBU RIMNIG.
  1353 | D:2      | 1353 ||| IDENTIFYING smoky sapphire potion
  1354 | D:2      | 1354 ||| READING scroll labelled QOIPPE YNWOZIA.
  1354 | D:2      | 1354 ||| ENCHANTING +0 cloak.
  1355 | D:2      | 1355 ||| DRINKING 3 grey potions.
  1431 | D:3      | Reached XP level 4. HP: 21/22 MP: 5/5
  1720 | D:3      | Reached XP level 5. HP: 26/26 MP: 6/6
  1938 | D:3      | Found a radiant altar of Vehumet.
  1939 | D:3      | Found a stormy altar of Qazlal.
  1946 | D:3      | 1946 ||| UPGRADING to scarf of repulsion.
  1956 | D:3      | 1956 ||| READING scroll of identify.
  1956 | D:3      | 1956 ||| IDENTIFYING fuming purple potion
  1957 | D:3      | 1957 ||| READING scroll labelled FECSASM XOQOOM.
  1958 | D:3      | 1958 ||| READING scroll labelled BOSIVU GANGAS.
  1959 | D:3      | 1959 ||| READING scroll labelled FUSANA SOD MONN.
  1962 | D:3      | 1962 ||| DRINKING 2 glowing green potions.
  1963 | D:3      | 1963 ||| DROPPING potion of degeneration.
  2171 | D:4      | Noticed Sigmund
  2178 | D:4      | HP: 5/26 [Sigmund/+2 scythe of protection (11)]
  2180 | D:4      | Killed from afar by Sigmund

Levels and vault maps discovered:
D:1:      nzn_arrival_depleted_hourglass, layout_basic
D:2:      layout_basic, basic_altar, wander_ebering_terrifying_dragon_lair
D:3:      layout_basic, minitemple, minmay_checkerbox
D:4:      layout_loops_corners, serial_shops, shop, dreamdust_gnoll_farm,
          uniq_sigmund

Skill      XL: |  1  2  3  4 |
---------------+-------------+-----
Dodging        | 3 4 5 |  5.1
Ranged Weapons | 5 |  5.3
Fighting       | 2 |  2.1
Stealth        | |  1.5

Action                     |  1- 3 |  4- 6 || total
---------------------------+-------+-------++-------
   Fire: Shortbow          |    85 |    76 ||   161
    Use: Scroll            |     6 |     4 ||    10
         Potion            |     1 |     1 ||     2
 Armour: Robe              |     6 |    13 ||    19
  Dodge: Dodged            |    31 |    38 ||    69

Table legend:
 A = Non-vault XP
 B = Vault XP
 C = Vault XP percentage of total XP
 D = Non-vault monster count
 E = Vault monster count
 F = Vault count percentage of total count
                 A         B        C        D         E       F
            +---------+---------+-------+---------+---------+-------
      Total |     242 |      19 |   7.3 |      46 |       5 |   9.8
            +---------+---------+-------+---------+---------+-------
        D:1 |      71 |       0 |   0.0 |      26 |       0 |   0.0
        D:2 |      18 |       1 |   5.3 |       4 |       1 |  20.0
        D:3 |      98 |      18 |  15.5 |      14 |       4 |  22.2
        D:4 |      55 |       0 |   0.0 |       2 |       0 |   0.0
            +---------+---------+-------+---------+---------+-------
